 Dungeon Crawl Stone Soup version 0.29-a0-520-gc852659d43 (webtiles) character file.

Game seed: 11925707193298053993

5387 DocClef the Covert (level 10, -1/82 HPs)
             Began as a Gnoll Delver on May 31, 2022.
             Was an Elder of Okawaru.
             Slain by a spriggan
             ... wielding a +0 trident
              (2 damage)
             ... in a bailey.
             The game lasted 00:18:24 (11616 turns).

DocClef the Covert (Gnoll Delver)                  Turns: 11616, Time: 00:18:24

Health: -1/82      AC: 11    Str: 15    XL:     10   Next: 66%
Magic:  0/18       EV: 17    Int: 11    God:    Okawaru [****..]
Gold:   593        SH:  0    Dex: 24    Spells: 20/20 levels left

rFire   + + .      SeeInvis .   J - +6 short sword (drain)
rCold   + . .      Faith    .   (no shield)
rNeg    . . .      Spirit   +   b - +0 leather armour
rPois   +          Reflect  .   (no helmet)
rElec   +          Harm     .   M - +2 cloak {rCorr}
rCorr   +          Rampage  .   v - +0 pair of gloves
Will    .....      NoTele   +   I - +2 pair of boots
Stlth   +++++.....              a - amulet of Ruaklel {Spirit -Tele Fly rF+ Dex+5}
HPRegen 0.23/turn               D - +6 ring of dexterity
MPRegen 0.16/turn               (no ring)

@: resistant, flying
A: fangs 1, strong nose, distributed training
a: Renounce Religion, Heroism, Finesse


You were in a bailey.
You worshipped Okawaru.
Okawaru was greatly pleased with you.
You visited 2 branches of the dungeon, and saw 10 of its levels.
You also visited: Ossuary and Bailey.

You collected 593 gold pieces.

Inventory:

Hand Weapons
 u - a +0 whip of flaming
 J - a +6 short sword of draining (weapon)
Missiles
 t - a throwing net (quivered)
 y - 6 javelins
Armour
 b - a +0 leather armour (worn)
 v - a +0 pair of gloves (worn)
 I - a +2 pair of boots (worn)
 M - a +2 cloak of preservation (worn)
Jewellery
 a - the amulet of Ruaklel (around neck) {Spirit -Tele Fly rF+ Dex+5}
   (You found it on level 6 of the Dungeon)

   [amulet of guardian spirit]

   It causes incoming damage to be divided between your reserves of health and
   magic.
   Dex:       It affects your dexterity (+5).
   rF:        It protects you from fire.
   Fly:       It grants you flight.
   -Tele:     It prevents most forms of teleportation.
 m - a ring of flight
 D - a +6 ring of dexterity (left hand)
Wands
 g - a wand of digging (3)
 C - a wand of iceblast (14)
 K - a wand of polymorph (9)
Scrolls
 c - 2 scrolls of fog
 d - a scroll of magic mapping
 e - 5 scrolls of fear
 i - 3 scrolls of identify
 l - a scroll of enchant armour
 q - a scroll of summoning
 r - a scroll of immolation {unknown}
 F - a scroll of teleportation
Potions
 f - a potion of haste
 h - 3 potions of flight
 j - 2 potions of might
 k - 7 potions of curing
 n - 3 potions of brilliance
 o - a potion of resistance
 p - 5 potions of lignification {unknown}
 s - 2 potions of berserk rage {unknown}
 w - 5 potions of attraction {unknown}
 x - a potion of cancellation {unknown}
 z - 6 potions of mutation {unknown}
 B - a potion of magic {unknown}
 E - a potion of degeneration {unknown}
 L - a potion of ambrosia {unknown}


   Skills:
 + Level 8.6 Fighting
 + Level 7.2 Short Blades
 + Level 5.5 Long Blades
 + Level 5.5 Axes
 + Level 5.5 Maces & Flails
 + Level 5.5 Polearms
 + Level 5.5 Staves
 + Level 5.5 Slings
 + Level 5.5 Bows
 + Level 5.5 Crossbows
 + Level 5.5 Throwing
 + Level 5.5 Armour
 + Level 7.2 Dodging
 + Level 11.0 Stealth
 + Level 5.5 Shields
 + Level 5.5 Unarmed Combat
 + Level 5.5 Spellcasting
 + Level 4.5 Conjurations
 + Level 4.5 Hexes
 + Level 4.5 Summonings
 + Level 4.5 Necromancy
 + Level 4.5 Translocations
 + Level 4.5 Transmutations
 + Level 4.5 Fire Magic
 + Level 4.5 Ice Magic
 + Level 4.5 Air Magic
 + Level 4.5 Earth Magic
 + Level 4.5 Poison Magic
 + Level 6.0 Invocations
 + Level 5.5 Evocations


You had 20 spell levels left.
You didn't know any spells.
Your spell library contained the following spells:

 Spells                   Type           Power      Damage    Failure   Level
 Apportation              Tloc           26%        N/A       3%          1
 Foxfire                  Conj/Fire      52%        2x1d6     3%          1
 Necrotize                Necr           52%        1d6       3%          1
 Shock                    Conj/Air       52%        1d6       3%          1
 Blink                    Tloc           26%        N/A       5%          2
 Static Discharge         Conj/Air       13%        N/A       5%          2
 Conjure Flame            Conj/Fire      13%        6-21      11%         3
 Inner Flame              Hex/Fire       13%        N/A       11%         3
 Lesser Beckoning         Tloc           13%        N/A       11%         3
 Swiftness                Air            13%        N/A       11%         3
 Airstrike                Air            6%         N/A       36%         4
 Dispel Undead            Necr           13%        3d9       36%         4
 Flame Wave               Conj/Fire      13%        2d6       36%         4
 Sticky Flame             Conj/Fire      13%        2d4       36%         4
 Manifold Assault         Tloc           13%        N/A       71%         5
 Summon Small Mammal      Summ           Unusable   N/A       N/A         1

Dungeon Overview and Level Annotations

Branches:
Dungeon (9/15)             Temple (1/1) D:4            Lair (0/6) D:9
    Orc (0/2) D:9         Ossuary (visited)          Bailey (1/1)

Altars:
Ashenzari
Cheibriados
Dithmenos
Elyvilon
Fedhas
Gozag
Hepliaklqana
Kikubaaqudgha
Makhleb
Nemelex Xobeh
Okawaru
Qazlal
Ru
Sif Muna
Trog
Uskayaw
Vehumet
Wu Jian
Xom
Yredelemnul
Zin

Shops:
D:5 (

Annotations:
D:7 2 runed translucent doors, exclusion: orange crystal statue
D:8 1 runed translucent door


Innate Abilities, Weirdness & Mutations

You have very sharp teeth.
Your uncanny sense of smell can sniff out nearby items.
Your experience applies equally to all skills.


Message History

An ogre is nearby!
The ogre hits you from afar with a +0 glaive!!
* * * LOW HITPOINT WARNING * * *
You hear a shout!
You see here a +0 spear.
You hear a shout!
You hear two shouts!
The ogre closely misses you.
You hear a roar!
Things that are here:
a +0 glaive; an ogre corpse You puncture the ogre!
The ogre is moderately wounded.
You hear a shout!
You hit the ogre. You drain the ogre.
The ogre is severely wounded.
The ogre hits you with a +0 glaive.
* * * LOW HITPOINT WARNING * * *
You barely miss the ogre.
The ogre is severely wounded.
You hit the ogre. You bite the ogre, but do no damage.
The ogre is severely wounded.
A spriggan comes into view. It is wielding a +0 trident.
The ogre closely misses you.
You hit the ogre.
The ogre is severely wounded.
You hit the ogre. You drain the ogre.
The ogre is almost dead.
A spriggan comes into view. It is wielding a +0 trident.
The ogre misses you.
You puncture the ogre!
You kill the ogre!
Okawaru accepts your kill.
Things that are here:
a +0 glaive; a +0 halberd The spriggan hits you from afar with a +0 trident.
* * * LOW HITPOINT WARNING * * *
It was a potion of resistance.
You feel protected.
The spriggan hits you from afar with a +0 trident.
You die...

#########
##.....).##
#.....).).##
###
..####♣♣♣i.##
##.## ##i.##
##...## ##..##
#.....#
#♣@)###.....##
∆∆
#..≈≈≈..∩...#
∆∆
♣..≈≈≈......#
∆
#..≈≈≈......#
∆∆
#..≈≈≈......#
∆∆
♣..≈≈≈..∩...#
#..###.....##
#..## #.....#
#..# ##...##


You could see 2 spriggans.

Vanquished Creatures
  A hornet (D:7)
  2 spriggans (Bailey)
  4 yaks (D:8)
  3 wyverns (D:8)
  A steam dragon (D:8)
  A water moccasin (D:6)
  3 ice beasts
  2 orc warriors
  A black bear (D:4)
  8 ogres
  2 bullfrogs
  A kobold brigand (D:9)
  2 necrophages (D:6)
  3 scorpions
  17 wights
  4 centaur zombies (Ossuary)
  6 hounds
  A human zombie (Ossuary)
  An orc priest (D:5)
  A jelly (D:6)
  3 iguanas
  4 orc wizards
  An ogre zombie (Ossuary)
  7 mummies (Ossuary)
  9 gnolls
  12 adders
  A white imp (D:6)
  An ufetubus (D:4)
  2 adder zombies (Ossuary)
  2 worms
  4 dart slugs
  22 orcs
  10 endoplasms
  4 giant cockroaches
  6 goblins
  7 hobgoblins
  4 jackals (D:1)
  7 kobolds
  5 quokkas
  9 ball pythons
  7 bats
  5 frilled lizards
  2 goblin zombies (Ossuary)
  4 hobgoblin zombies (Ossuary)
  A jackal zombie (D:4)
  6 kobold zombies (Ossuary)
  2 orc zombies (Ossuary)
  4 quokka zombies (Ossuary)
  7 rats
  4 rat zombies (Ossuary)
226 creatures vanquished.

Vanquished Creatures (others)
  21 plants (D:4)
21 creatures vanquished.

Grand Total: 247 creatures vanquished

Notes
Turn   | Place    | Note
-------+----------+-------------------------------------------
     0 | D:5      | Reached skill level 9 in Stealth
     0 | D:5      | DocClef the Gnoll Delver began the quest for the Orb.
     0 | D:5      | Reached XP level 1. HP: 23/23 MP: 1/1
    25 | D:5      | Noticed an ogre
    32 | D:5      | Killed an ogre
    33 | D:5      | Reached skill level 1 in Long Blades
    33 | D:5      | Reached skill level 1 in Axes
    33 | D:5      | Reached skill level 1 in Maces & Flails
    33 | D:5      | Reached skill level 1 in Polearms
    33 | D:5      | Reached skill level 1 in Staves
    33 | D:5      | Reached skill level 1 in Slings
    33 | D:5      | Reached skill level 1 in Bows
    33 | D:5      | Reached skill level 1 in Crossbows
    33 | D:5      | Reached skill level 1 in Throwing
    33 | D:5      | Reached skill level 1 in Armour
    33 | D:5      | Reached skill level 1 in Shields
    33 | D:5      | Reached skill level 1 in Unarmed Combat
    33 | D:5      | Reached skill level 1 in Spellcasting
    33 | D:5      | Reached skill level 1 in Invocations
    33 | D:5      | Reached skill level 1 in Evocations
    33 | D:5      | Reached XP level 2. HP: 29/29 MP: 1/3
    33 | D:5      | Reached XP level 3. HP: 35/35 MP: 1/4
    33 | D:5      | Reached XP level 4. HP: 41/41 MP: 1/5
    40 | D:5      | Reached skill level 1 in Conjurations
    40 | D:5      | Reached skill level 1 in Hexes
    40 | D:5      | Reached skill level 1 in Summonings
    40 | D:5      | Reached skill level 1 in Necromancy
    40 | D:5      | Reached skill level 1 in Translocations
    40 | D:5      | Reached skill level 1 in Transmutations
    40 | D:5      | Reached skill level 1 in Fire Magic
    40 | D:5      | Reached skill level 1 in Ice Magic
    40 | D:5      | Reached skill level 1 in Air Magic
    40 | D:5      | Reached skill level 1 in Earth Magic
    40 | D:5      | Reached skill level 1 in Poison Magic
   139 | D:5      | Reached XP level 5. HP: 22/47 MP: 5/7
   520 | D:4      | Found a sand-covered staircase.
   530 | Ossuary  | Entered an ossuary
   728 | Ossuary  | Reached XP level 6. HP: 46/53 MP: 8/8
   935 | Ossuary  | Reached skill level 5 in Short Blades
   935 | Ossuary  | Reached skill level 5 in Dodging
  1289 | Ossuary  | Reached XP level 7. HP: 59/59 MP: 10/10
  1325 | Ossuary  | HP: 1/59 [mummy (17)]
  2732 | D:4      | Found a staircase to the Ecumenical Temple.
  2763 | Temple   | Entered the Ecumenical Temple
  3296 | Temple   | Became a worshipper of Warmaster Okawaru
  3787 | D:4      | Reached skill level 10 in Stealth
  4877 | D:3      | Found a faded altar of an unknown god.
  7089 | D:5      | Reached XP level 8. HP: 61/67 MP: 12/12
  7315 | D:5      | Found Kicvoomm's Antique Weapon Shoppe.
  7667 | D:5      | Identified the +5 ring mail of Kirch {Will- Str+8 Slay-4
                  | Stlth+}
  7768 | D:6      | Found a bloodstained altar of Trog.
  7859 | D:6      | You fall into a shaft and drop 1 floor!
  7891 | D:7      | Found the +10 tower shield of Ignorance {rN+ Int-4}
  7900 | D:7      | Found a runed translucent door.
  7908 | D:7      | Noticed an orange crystal statue
  7941 | D:6      | Identified the amulet of Ruaklel {Spirit -Tele Fly rF+
                  | Dex+5}
  8322 | D:6      | Reached * piety under Okawaru
  8452 | D:5      | Reached XP level 9. HP: 48/70 MP: 11/14
  9869 | D:7      | Reached ** piety under Okawaru
 10019 | D:7      | Found a runed translucent door.
 10613 | D:8      | Noticed a hornet
 10628 | D:7      | Killed a hornet
 10629 | D:7      | Reached skill level 5 in Invocations
 10641 | D:8      | Reached *** piety under Okawaru
 10740 | D:8      | Reached XP level 10. HP: 69/78 MP: 13/17
 10842 | D:8      | Found a runed translucent door.
 10957 | D:8      | Received a gift from Okawaru
 10958 | D:8      | Reached skill level 5 in Long Blades
 10958 | D:8      | Reached skill level 5 in Axes
 10958 | D:8      | Reached skill level 5 in Maces & Flails
 10958 | D:8      | Reached skill level 5 in Polearms
 10958 | D:8      | Reached skill level 5 in Staves
 10958 | D:8      | Reached skill level 5 in Slings
 10958 | D:8      | Reached skill level 5 in Bows
 10958 | D:8      | Reached skill level 5 in Crossbows
 10958 | D:8      | Reached skill level 5 in Throwing
 10958 | D:8      | Reached skill level 5 in Armour
 10958 | D:8      | Reached skill level 5 in Shields
 10958 | D:8      | Reached skill level 5 in Unarmed Combat
 10958 | D:8      | Reached skill level 5 in Spellcasting
 10958 | D:8      | Reached skill level 5 in Evocations
 11509 | D:9      | Found a flagged portal.
 11518 | Bailey   | Entered a bailey
 11540 | Bailey   | Reached **** piety under Okawaru
 11541 | Bailey   | Reached skill level 11 in Stealth
 11604 | Bailey   | HP: 4/82 [ogre/+0 glaive (18)]
 11614 | Bailey   | HP: 1/82 [spriggan/+0 trident (3)]
 11616 | Bailey   | Slain by a spriggan

Illustrated notes

Levels and vault maps discovered:
D:1:      wander_arrival_estate, layout_basic, minmay_ruptured
D:2:      layout_basic
D:3:      layout_loops_ring, basic_ecumenical_altar,
          minmay_fractal_squares_gapless_5
D:4:      layout_cave_pools, minmay_temple_entry_statues, serial_bayou,
          serial_bayou_lagoon_a, serial_bayou_pond_d, serial_bayou_lagoon_b,
          serial_bayou_crossing, enter_ossuary_3, serial_bayou_pond_a,
          grunt_decor_fettered, chequers_arboretum, grunt_tough_drop
D:5:      layout_basic, serial_shops, nicolae_shop_trees
D:6:      layout_rooms, trog_three_pillars_becter, item_on_display_a
D:7:      layout_loops_ring, roderic_roman_lattice, grunt_decor_junction,
          chequers_guarded_unrand_ignorance
D:8:      layout_cave_pools, lightli_church_of_beogh
D:9:      layout_irregular_city, lemuel_crystal_altar,
          erik_lair_orcish_takeover, orc_0_dummy, enter_bailey_1,
          guppyfry_early_elven_hall
Temple:   mainiacjoe_temple_cubbyholes
Bailey:   bailey_polearm_enchanted_keep_hellmonk, bailey

Skill      XL: |  1  2  3  4  5  6  7  8  9 10 |
---------------+-------------------------------+-----
Stealth        | 10 11 | 11.0
Long Blades    | 1 2 3 4 5 |  5.5
Axes           | 1 2 3 4 5 |  5.5
Maces & Flails | 1 2 3 4 5 |  5.5
Polearms       | 1 2 3 4 5 |  5.5
Staves         | 1 2 3 4 5 |  5.5
Slings         | 1 2 3 4 5 |  5.5
Bows           | 1 2 3 4 5 |  5.5
Crossbows      | 1 2 3 4 5 |  5.5
Throwing       | 1 2 3 4 5 |  5.5
Armour         | 1 2 3 4 5 |  5.5
Shields        | 1 2 3 4 5 |  5.5
Unarmed Combat | 1 2 3 4 5 |  5.5
Spellcasting   | 1 2 3 4 5 |  5.5
Invocations    | 1 2 3 4 5 6 |  6.0
Evocations     | 1 2 3 4 5 |  5.5
Conjurations   | 1 2 3 4 |  4.5
Hexes          | 1 2 3 4 |  4.5
Summonings     | 1 2 3 4 |  4.5
Necromancy     | 1 2 3 4 |  4.5
Translocations | 1 2 3 4 |  4.5
Transmutations | 1 2 3 4 |  4.5
Fire Magic     | 1 2 3 4 |  4.5
Ice Magic      | 1 2 3 4 |  4.5
Air Magic      | 1 2 3 4 |  4.5
Earth Magic    | 1 2 3 4 |  4.5
Poison Magic   | 1 2 3 4 |  4.5
Short Blades   | 5 6 7 |  7.2
Dodging        | 5 6 7 |  7.2
Fighting       | 7 8 |  8.6

Action                   |  1- 3 |  4- 6 |  7- 9 | 10-12 || total
-------------------------+-------+-------+-------+-------++-------
Melee: Short sword       |     1 |   153 |   324 |   113 ||   591
       Bite              |       |    22 |    75 |    21 ||   118
       Punch             |       |     1 |    19 |     4 ||    24
       Whip              |       |       |   234 |       ||   234
Invok: Heroism           |       |       |     1 |       ||     1
  Use: Scroll            |       |     1 |    20 |     1 ||    22
       Potion            |       |       |       |     1 ||     1
 Stab: Sleeping          |     1 |    19 |    49 |     3 ||    72
       Distracted        |       |       |     2 |       ||     2
Armor: Leather armour    |       |    12 |   103 |    18 ||   133
Dodge: Dodged            |       |    78 |   358 |    60 ||   496

Table legend: (Time is in decaauts)
 A = Elapsed time spent in this place.
 B = Non-inter-level travel time spent in this place.
 C = Inter-level travel time spent in this place.
 D = Time resting spent in this place.
 E = Time spent auto-exploring this place.
 F = Levels seen in this place.
 G = Mean time per level.
                   A        B        C        D        E       F      G
               +--------+--------+--------+--------+--------+-----+--------+
         Total |  11530 |  11022 |    508 |   1540 |   7397 |  12 |  960.8 |
       Dungeon |   9230 |   8784 |    446 |   1029 |   6147 |   9 | 1025.6 |
        Temple |    582 |    520 |     62 |      0 |    516 |   1 |  582.0 |
       Ossuary |   1629 |   1629 |      0 |    482 |    731 |   1 | 1629.0 |
        Bailey |     88 |     88 |      0 |     29 |      3 |   1 |   88.0 |
               +--------+--------+--------+--------+--------+-----+--------+

Top non-repeatable levels by time:
 Ossuary: 1629 daAuts
     D:5: 1449 daAuts
     D:7: 1286 daAuts
     D:6: 1259 daAuts
     D:4: 1247 daAuts
     D:3: 1241 daAuts
     D:1: 937 daAuts
     D:2: 937 daAuts
     D:8: 812 daAuts
  Temple: 582 daAuts
  Bailey: 88 daAuts
     D:9: 59 daAuts
